 Dungeon Crawl Stone Soup version 0.19-a0-1896-g611e798 (webtiles) character file.

200 Naow the Sneak (level 5, -4/24 HPs)
             Began as a Spriggan Enchanter on Oct 19, 2016.
             Slain by an ogre
             ... wielding a +0 giant club
              (28 damage)
             ... on level 4 of the Dungeon.
             The game lasted 00:05:42 (2382 turns).

Naow the Sneak (Spriggan Enchanter)                 Turns: 2382, Time: 00:05:43

Health: -4/24      AC:  3    Str:  4    XL:     5   Next: 48%
Magic:  11/11      EV: 20    Int: 16    God:
Gold:   182        SH:  3    Dex: 18    Spells: 2 memorised, 8 levels left

rFire  . . .     SeeInvis +     r - +2 short sword (drain)
rCold  . . .     Gourm    .     b - +1 robe
rNeg   . . .     Faith    .     (shield restricted)
rPois  .         Spirit   .     (helmet restricted)
rElec  .         Reflect  +     (no cloak)
rCorr  .         Harm     .     (gloves unavailable)
MR     .....                    (boots unavailable)
Stlth  +++.......               q - +3 amulet of reflection
                                (no ring)
                                (no ring)

@: very quick
A: unfitting armour, see invisible, herbivore 3, speed 3, slow metabolism 2
a: no special abilities


You were on level 4 of the Dungeon.
You were hungry.

You visited 1 branch of the dungeon, and saw 4 of its levels.

You collected 182 gold pieces.

Inventory:

Hand Weapons
 a - a +1 dagger
 r - a +2 short sword of draining (weapon)
Armour
 b - a +1 robe (worn)
Jewellery
 q - a +3 amulet of reflection (around neck)
Wands
 h - a wand of digging (16/24)
Scrolls
 e - 3 scrolls of identify {unknown}
 f - 3 scrolls of recharging {unknown}
 g - 3 scrolls of enchant armour {unknown}
 m - a scroll of random uselessness {unknown}
 n - a scroll of fog {unknown}
 o - 3 scrolls of enchant weapon {unknown}
 t - a scroll of noise {unknown}
 u - a scroll of fear {unknown}
Potions
 i - a potion of might {unknown}
 l - 2 potions of beneficial mutation {unknown}
 p - a potion of curing {unknown}
 s - a potion of mutation {unknown}
Books
 c - a book of Maledictions

   Spells                             Type                      Level
   a - Corona                         Hexes                        1
   b - Ensorcelled Hibernation        Hexes/Ice                    2
   c - Confuse                        Hexes                        3
   d - Tukima's Dance                 Hexes                        3
   e - Dazzling Spray                 Conjuration/Hexes            3
Comestibles
 d - 6 bread rations
 j - 4 fruits
 k - 2 slices of pizza


   Skills:
 + Level 3.0 Short Blades
 + Level 4.8 Dodging
 + Level 5.7 Stealth
 + Level 3.9 Spellcasting
 + Level 4.3 Hexes


You had 8 spell levels left.
You knew the following spells:

 Your Spells              Type           Power        Failure   Level  Hunger
a - Corona                Hex            ###....      3%          1    None
b - Ensorcelled Hibernat  Hex/Ice        ##....       12%         2    ##.....


Dungeon Overview and Level Annotations

Branches:
Dungeon (4/15)
 Temple: D:4-7

Altars:
The Shining One


Innate Abilities, Weirdness & Mutations

You are very small and have problems with some larger weapons.
You are too small for most types of armour.
You have supernaturally acute eyesight. (SInv)
You are a herbivore.
You cover ground extremely quickly.
You need consume almost no food.


Message History

A scorpion comes into view.
The scorpion moves out of view.
Items here: ))) [[ รทรท The scorpion is too close now for your liking.
A scorpion is nearby!
No target in view!
No target in view!
No target in view!
Found a leather armour.
You see here a leather armour.
Found a stone staircase leading up.
There is a stone staircase leading up here.
Found a book of Maledictions.
An ogre comes into view. It is wielding a giant club.
Found a meat ration.
An ogre is nearby!
The ogre shouts!
The ogre hits you with a giant club!!
Ouch! That really hurt!
You die...

################
#.............
######.##.#####..##
#............##..##
#.####.##.##.##....
#.# #.##.# ##.###
#.# #.##. #.# #.#
#.##. ..#
######.####.... #.#
........@O####
#######...%.....
###.#####. :. ###


You could see an ogre.

Vanquished Creatures
  An orc priest (D:4)
  An orc wizard (D:4)
  A worker ant (D:4)
  5 adders
  3 worms
  2 dart slugs
  8 orcs
  3 giant cockroaches
  5 goblins
  4 hobgoblins
  3 jackals (D:2)
  2 quokkas
  3 ball pythons
  3 bats
  6 frilled lizards
  5 kobolds
  4 rats
59 creatures vanquished.

Notes
Turn   | Place    | Note
-------+----------+-------------------------------------------
     0 | D:1      | Naow the Spriggan Enchanter began the quest for the Orb.
     0 | D:1      | Reached XP level 1. HP: 9/9 MP: 5/5
   127 | D:1      | Reached XP level 2. HP: 8/13 MP: 6/6
   136 | D:1      | Learned a level 2 spell: Ensorcelled Hibernation
   577 | D:2      | Reached XP level 3. HP: 12/16 MP: 1/8
   970 | D:3      | Reached skill level 5 in Stealth
  1074 | D:3      | Reached XP level 4. HP: 19/21 MP: 4/9
  1187 | D:3      | Found a glowing golden altar of the Shining One.
  1814 | D:4      | Reached XP level 5. HP: 24/24 MP: 0/11
  2381 | D:4      | Noticed an ogre
  2382 | D:4      | Slain by an ogre

Vault maps used:
D:1:      dpeg_arrival_pits, minmay_tromino_v2
D:2:      first_bread
D:3:      nicolae_tso_carved_into_rock

Skill      XL: |  1  2  3  4  5 |
---------------+----------------+-----
Spellcasting   | 3 |  3.9
Short Blades   | 2 3 |  3.0
Dodging        | 4 |  4.8
Stealth        | 5 |  5.7
Hexes          | 4 |  4.3

Action                   |  1- 3 |  4- 6 || total
-------------------------+-------+-------++-------
Melee: Dagger            |   127 |    37 ||   164
       Short sword       |       |    13 ||    13
 Cast: Ensorcelled Hiber |    13 |    15 ||    28
 Stab: Sleeping          |    20 |    14 ||    34
       Distracted        |       |     1 ||     1
Armor: Robe              |     8 |     5 ||    13
Dodge: Dodged            |   102 |    40 ||   142
Block: Other             |       |     3 ||     3
